 Dungeon Crawl Stone Soup version 0.21.0-3-g78d12a8bdd (webtiles) character file.

1722 Rrauwl the Ducker (level 8, 0/44 HPs)
             Began as a Deep Elf Arcane Marksman on Jan 15, 2018.
             Was a Follower of Sif Muna.
             Slain by a wight
             ... wielding a +5 great sword
              (9 damage)
             ... on level 7 of the Dungeon.
             The game lasted 00:42:34 (9777 turns).

Rrauwl the Ducker (Deep Elf Arcane Marksman)        Turns: 9777, Time: 00:42:34

Health: 0/44       AC:  6    Str:  8    XL:     8   Next: 75%
Magic:  17/19      EV: 16    Int: 20    God:    Sif Muna [*.....]
Gold:   252        SH:  4    Dex: 18    Spells: 15/19 levels left

rFire    . . .     SeeInvis +   a - +4 rapier of the Shore {pierce, rC+ MR+ Dex+3}
rCold    + . .     Gourm    .   q - +0 buckler
rNeg     . . .     Faith    .   n - +0 leather armour
rPois    +         Spirit   .   v - +0 hat
rElec    .         Reflect  .   p - +1 cloak {rPois}
rCorr    .         Harm     .   l - +0 pair of gloves
MR       +....                  (no boots)
Stlth    +.........             (no amulet)
HPRegen  0.14/turn              m - ring of see invisible
MPRegen  0.16/turn              (no ring)

@: drained
A: hooves 1
a: Divine Energy, Renounce Religion


You were on level 7 of the Dungeon.
You worshipped Sif Muna.
Sif Muna was aware of your devotion.
You were not hungry.

You visited 2 branches of the dungeon, and saw 8 of its levels.

You collected 252 gold pieces.

Inventory:

Hand Weapons
 a - the +4 rapier of the Shore (weapon) {pierce, rC+ MR+ Dex+3}
   (You found it on level 5 of the Dungeon)

   It inflicts extra damage upon your enemies.
   It affects your dexterity (+3).
   It protects you from cold.
   It affects your resistance to hostile enchantments.
 b - a +0 shortbow
 c - a +1 quarterstaff
 j - a +3 quarterstaff of chaos
Missiles
 d - 17 arrows
Armour
 l - a +0 pair of gloves (worn)
 n - a +0 leather armour (worn)
 p - a +1 cloak of poison resistance (worn)
 q - a +0 buckler (worn)
 r - a scarf of resistance
 v - a +0 hat (worn)
Magical Staves
 f - an uncursed staff of energy
Jewellery
 m - a ring of see invisible (left hand)
Wands
 t - a wand of digging (8)
Scrolls
 g - 8 scrolls of identify
 i - 2 scrolls of magic mapping
 o - 2 scrolls of enchant weapon
Potions
 k - a potion of magic
Books
 h - a book of Debilitation

   Spells                             Type                      Level
   a - Corona                         Hexes                        1
   b - Slow                           Hexes                        2
   c - Inner Flame                    Hexes/Fire                   3
   d - Portal Projectile              Hexes/Translocation          3
   e - Cause Fear                     Hexes                        4
   f - Leda's Liquefaction            Hexes/Earth                  4
Comestibles
 e - 5 rations


   Skills:
 - Level 2.0(1.9) Fighting
 - Level 6.0(5.9) Bows
 - Level 3.0(2.9) Armour
 - Level 7.0(6.9) Dodging
 + Level 1.6(1.5) Shields
 - Level 6.0(5.9) Spellcasting
 - Level 4.0(3.9) Hexes
 + Level 1.2(1.1) Translocations
 - Level 3.0(2.9) Invocations
 - Level 3.1(3.0) Evocations


You had 15 spell levels left.
You knew the following spells:

 Your Spells              Type           Power        Failure   Level  Hunger
a - Corona                Hex            ###....      4%          1    None
b - Portal Projectile     Hex/Tloc       ###...       22%         3    ##.....


Dungeon Overview and Level Annotations

Branches:
Dungeon (7/15)             Temple (1/1) D:4

Altars:
Ashenzari
Fedhas
Gozag
Hepliaklqana
Kikubaaqudgha
Makhleb
Okawaru
Ru
Sif Muna
Trog
Vehumet
Wu Jian
Xom
Yredelemnul

Annotations:
D:6 Prince Ribbit


Innate Abilities, Weirdness & Mutations

You have large cloven feet.


Message History

Confirm with . or Enter, or press ? or * to list all spells.
Aiming: Corona
Press: ? - help, Shift-Dir - straight line, f - wight
Aim: a wight, wielding an enchanted great sword and wearing a robe (chance to defeat MR: 60%)
The wight struggles to resist.
Casting: Corona
Confirm with . or Enter, or press ? or * to list all spells.
Aiming: Corona
Press: ? - help, Shift-Dir - straight line, f/p - wight
Aim: a wight, wielding an enchanted great sword and wearing a robe (chance to defeat MR: 60%)
The wight is outlined in light.
The wight hits you with an enchanted great sword!
You barely miss the wight. You kick the wight.
The wight is moderately damaged.
The wight hits you with an enchanted great sword!
* * * LOW HITPOINT WARNING * * *
You barely miss the wight. You kick the wight.
The wight is heavily damaged.
The wight hits you with an enchanted great sword!
You die...

## .. .#
#+##+#.# .o
#...[#.### ..
.#....#...
.##.#)#.##z#
....#.#..@.#
##.#.#.######
....#.#
#...#.######
#<..#......#
##.##......#
#.........#
###########


You could see a wight.

Vanquished Creatures
  Grinder (D:3)
  The ghost of BrokenGlass the Insei, an amateur OpFi (D:4)
  Menkaure (D:6)
  A centaur (D:6)
  A bullfrog (D:6)
  3 scorpions
  A water moccasin skeleton (D:6)
  A wight (D:7)
  A crimson imp (D:4)
  4 hounds
  A bullfrog skeleton (D:4)
  2 orc priests
  A centaur skeleton (D:4)
  A jelly (D:6)
  Crazy Yiuf (D:6)
  3 iguanas
  2 orc wizards (D:4)
  3 worker ants (D:4)
  A worker ant zombie (D:6)
  11 adders
  5 gnolls (D:3)
  4 oozes
  An adder zombie (D:6)
  2 adder skeletons (D:4)
  8 worms
  A leopard gecko (D:3)
  14 orcs
  A ball python (D:1)
  6 giant cockroaches
  4 goblins
  4 hobgoblins
  12 jackals
  2 quokkas
  14 bats
  6 frilled lizards
  8 kobolds
  A leopard gecko skeleton (D:4)
  6 rats
  A spectral orc (D:5)
  2 fungi (D:5)
143 creatures vanquished.

Vanquished Creatures (others)
  5 fungi (D:5)
5 creatures vanquished.

Grand Total: 148 creatures vanquished

Notes
Turn   | Place    | Note
-------+----------+-------------------------------------------
     0 | D:1      | Rrauwl the Deep Elf Arcane Marksman began the quest for the Orb.
     0 | D:1      | Reached XP level 1. HP: 11/11 MP: 5/5
    87 | D:1      | Reached skill level 1 in Fighting
   128 | D:1      | Reached XP level 2. HP: 13/16 MP: 7/7
   738 | D:1      | Reached skill level 3 in Dodging
   838 | D:2      | Reached XP level 3. HP: 20/20 MP: 8/8
  1356 | D:2      | Found a deep blue altar of Sif Muna.
  1419 | D:2      | Found an ancient bone altar of Kikubaaqudgha.
  1423 | D:2      | Found a hazy altar of Hepliaklqana.
  1431 | D:2      | Became a worshipper of Sif Muna the Loreminder
  1522 | D:2      | Reached XP level 4. HP: 25/25 MP: 8/10
  2188 | D:3      | Reached XP level 5. HP: 25/30 MP: 10/12
  2214 | D:3      | HP: 1/30 [gnoll (6)]
  2248 | D:3      | Reached skill level 1 in Invocations
  2632 | D:3      | Reached skill level 4 in Dodging
  3089 | D:3      | Reached XP level 6. HP: 19/35 MP: 14/14
  3215 | D:3      | Noticed Grinder
  3833 | D:3      | Killed Grinder
  3836 | D:3      | Gained mutation: You are dopey. (Int -2) [potion of mutation]
  3836 | D:3      | Lost mutation: You are dopey. (Int -2) [potion of mutation]
  3836 | D:3      | Gained mutation: You have large cloven feet. [potion of mutation]
  4095 | D:4      | Noticed BrokenGlass's ghost (amateur OpFi)
  4198 | D:4      | Reached XP level 7. HP: 15/40 MP: 16/16
  4521 | D:4      | Reached skill level 5 in Dodging
  4521 | D:4      | Reached skill level 5 in Spellcasting
  5354 | D:4      | Reached skill level 1 in Evocations
  5372 | D:4      | HP: 2/40 [poisoned by a scorpion]
  5739 | D:4      | Reached skill level 1 in Armour
  5754 | D:4      | Reached skill level 5 in Bows
  5986 | D:5      | Entered Level 5 of the Dungeon
  6794 | D:5      | Found a basalt altar of Yredelemnul.
  7058 | D:5      | Found an opulent altar of Gozag.
  7095 | D:5      | Got a translucent rapier
  7096 | D:5      | Identified the +4 rapier of the Shore {pierce, rC+ MR+ Dex+3} (You found it on level 5 of the Dungeon)
  7322 | D:4      | Reached XP level 8. HP: 44/44 MP: 17/17
  7348 | D:4      | Killed BrokenGlass's ghost
  7348 | D:4      | Reached skill level 6 in Dodging
  7720 | D:4      | Found a staircase to the Ecumenical Temple.
  7746 | Temple   | Entered the Ecumenical Temple
  8025 | D:6      | Noticed Prince Ribbit
  8376 | D:6      | Reached * piety under Sif Muna
  8609 | D:6      | Reached skill level 1 in Shields
  8701 | D:6      | Noticed Edmund
  9007 | D:6      | Learned a level 3 spell: Portal Projectile
  9071 | D:6      | Noticed Menkaure
  9083 | D:6      | Killed Menkaure
  9490 | D:6      | Found a runed door.
  9494 | D:6      | Noticed Crazy Yiuf
  9500 | D:6      | Killed Crazy Yiuf
  9500 | D:6      | Reached skill level 1 in Translocations
  9516 | D:6      | Got a sapphire mace
  9517 | D:6      | Identified the +7 mace "Rewo Tir" {speed, rElec rC+ rN+ Str-5} (You found it on level 6 of the Dungeon)
  9768 | D:7      | Reached skill level 7 in Dodging
  9777 | D:7      | Slain by a wight

Skill      XL: |  1  2  3  4  5  6  7  8 |
---------------+-------------------------+-----
Fighting       | 1 2 |  2.0
Spellcasting   | 2 3 4 5 6 |  6.0
Dodging        | 3 4 5 7 |  7.0
Bows           | 3 4 5 6 |  6.0
Invocations    | 1 2 3 |  3.0
Evocations     | 2 3 |  3.1
Armour         | 1 3 |  3.0
Shields        | 1 |  1.6
Translocations | 1 |  1.2
Hexes          | |  4.0

Action                   |  1- 3 |  4- 6 |  7- 9 || total
-------------------------+-------+-------+-------++-------
Melee: Quarterstaff      |       |    47 |   137 ||   184
       Kick              |       |     1 |    74 ||    75
       Rapier            |       |       |   155 ||   155
 Fire: Shortbow          |   120 |   171 |    23 ||   314
Throw: Throwing net      |       |     1 |       ||     1
 Cast: Corona            |     2 |    25 |    38 ||    65
       Portal Projectile |       |       |     2 ||     2
Evoke: Wand              |       |    16 |    21 ||    37
  Use: Potion            |     1 |     6 |     7 ||    14
       Scroll            |       |       |    16 ||    16
 Stab: Confused          |       |     1 |       ||     1
       Held in net/web   |       |     1 |       ||     1
  Eat: Chunk             |     1 |     9 |     8 ||    18
       Ration            |       |       |     3 ||     3
Armor: Robe              |    13 |    20 |       ||    33
       Leather armour    |       |    10 |    72 ||    82
       Skin              |       |       |     7 ||     7
Dodge: Dodged            |    40 |   104 |   325 ||   469
Block: Buckler           |       |       |    26 ||    26
